 Dungeon Crawl Stone Soup version 0.22-a0-433-gd2a9cce (webtiles) character file.

53 MisterFreud the Poker (level 3, 0/27 HPs)
             Began as a Merfolk Gladiator on May 28, 2018.
             Slain by a leopard gecko (5 damage)
             ... on level 2 of the Dungeon.
             The game lasted 00:02:28 (1059 turns).

MisterFreud the Poker (Merfolk Gladiator)           Turns: 1059, Time: 00:02:29

Health: 0/27       AC:  4    Str: 14    XL:     3   Next: 89%
Magic:  3/3        EV: 14    Int:  8    God:
Gold:   65         SH:  0    Dex: 15    Spells: 2/2 levels left

rFire    . . .     SeeInvis .   a - +0 trident
rCold    . . .     Gourm    .   (no shield)
rNeg     . . .     Faith    .   b - +0 leather armour
rPois    .         Spirit   .   c - +0 helmet
rElec    .         Reflect  .   (no cloak)
rCorr    .         Harm     .   (no gloves)
MR       .....                  (no boots)
Stlth    +.........             (no amulet)
HPRegen  0.09/turn              (no ring)
MPRegen  0.08/turn              (no ring)

@: no status effects
A: change form in water, swift swim, stealthy swim
a: no special abilities


You were on level 2 of the Dungeon.
You were hungry.

You visited 1 branch of the dungeon, and saw 2 of its levels.

You collected 65 gold pieces.

Inventory:

Hand Weapons
 a - a +0 trident (weapon)
Missiles
 d - 3 throwing nets (quivered)
Armour
 b - a +0 leather armour (worn)
 c - a +0 helmet (worn)
Scrolls
 e - a scroll of immolation {unknown}
 g - 2 scrolls of remove curse {unknown}
 h - 2 scrolls of enchant weapon {unknown}
 j - a scroll of amnesia {unknown}
 l - a scroll of identify {unknown}
 m - a scroll of teleportation {unknown}
Comestibles
 f - 3 rations
 k - a chunk of flesh


   Skills:
 - Level 2.1 Fighting
 + Level 6.8 Polearms
 - Level 2.0 Throwing
 - Level 4.0 Dodging


You had 2 spell levels left.
You didn't know any spells.
Your spell library was empty.

Dungeon Overview and Level Annotations

Branches:
Dungeon (2/15)

Altars:


Message History

The adder bites you.
You are more poisoned.
The adder poisons you! The adder misses you.
You barely miss the adder.
The adder is severely wounded.
You feel sick. The adder bites you.
* * * LOW HITPOINT WARNING * * *
It was a potion of curing.
You feel better. The adder barely misses you.
You miss the adder.
The adder is severely wounded.
The adder closely misses you. The adder bites you.
You closely miss the adder.
The adder is severely wounded.
The adder bites you.
You hit the adder.
You kill the adder!
The leopard gecko bites you.
* * * LOW HITPOINT WARNING * * *
You closely miss the leopard gecko. The leopard gecko bites you.
You die...

###)######## #
#.........
###..#############
.....######......#
#.##........####.#
#.########### #.#
#.# #.# #. #.# .#
#@# .# # #l# #.#
#.# #.# # #.# #>#
. #.####.##### .
#. #..).......# .
......###l....#.#
#
................#
###.#.###l..)...#


You could see a leopard gecko.

Vanquished Creatures
  2 adders (D:2)
  2 worms (D:2)
  5 bats
  A giant cockroach (D:2)
  5 goblins
  A hobgoblin (D:2)
  4 jackals (D:2)
  A ball python (D:1)
  2 frilled lizards
  2 kobolds
  6 rats
31 creatures vanquished.

Notes
Turn   | Place    | Note
-------+----------+-------------------------------------------
     0 | D:1      | MisterFreud the Merfolk Gladiator began the quest for the Orb.
     0 | D:1      | Reached XP level 1. HP: 16/16 MP: 1/1
    91 | D:1      | Reached skill level 5 in Polearms
   138 | D:1      | Reached XP level 2. HP: 22/22 MP: 2/2
   765 | D:2      | Reached skill level 6 in Polearms
   765 | D:2      | Reached XP level 3. HP: 27/27 MP: 3/3
  1059 | D:2      | Slain by a leopard gecko

Vault maps used:
D:1:      dpeg_arrival_line_fractal

Skill      XL: |  1  2 |
---------------+-------+-----
Polearms       | 5 6 |  6.8
Fighting       | |  2.1
Throwing       | |  2.0
Dodging        | |  4.0

Action                   || total
-------------------------++-------
Melee: Trident           ||   118
  Use: Potion            ||     1
 Stab: Sleeping          ||     4
Armor: Leather armour    ||    18
Dodge: Dodged            ||    57

Table legend:
 A = Spawn XP
 B = Non-spawn XP
 C = Spawn XP percentage of total XP
 D = Spawn monster count
 E = Non-spawn monster count
 F = Spawn count percentage of total count
 G = Total turns spent on level
                    A         B        C        D         E        F      G
               +---------+---------+-------+---------+---------+-------+---------
         Total |       0 |      77 |   0.0 |       0 |      31 |   0.0 |  1059
               +---------+---------+-------+---------+---------+-------+---------
           D:1 |       0 |      20 |   0.0 |       0 |      15 |   0.0 |   663
           D:2 |       0 |      57 |   0.0 |       0 |      16 |   0.0 |   396
               +---------+---------+-------+---------+---------+-------+---------
